 Dungeon Crawl Stone Soup version 0.21.1-1-g345015f (webtiles) character file.

138 Figureslego113 the Covered (level 5, -4/43 HPs)
             Began as a Barachi Fighter on June 21, 2018.
             Was an Initiate of Makhleb.
             Slain by a white imp (5 damage)
             ... summoned by Natasha
             ... on level 2 of the Dungeon.
             The game lasted 00:07:05 (1564 turns).

Figureslego113 the Covered (Barachi Fighter)        Turns: 1564, Time: 00:07:05

Health: -4/43      AC:  8    Str: 24    XL:     5   Next: 21%
Magic:  5/5        EV:  8    Int:  8    God:    Makhleb [......]
Gold:   112        SH: 10    Dex: 11    Spells: 4/4 levels left

rFire    . . .     SeeInvis .   a - +0 long sword
rCold    . . .     Gourm    .   c - +0 shield
rNeg     . . .     Faith    .   b - +0 scale mail
rPois    .         Spirit   .   (no helmet)
rElec    .         Reflect  .   (no cloak)
rCorr    .         Harm     .   (no gloves)
MR       .....                  j - +0 pair of boots
Stlth    ..........             (no amulet)
HPRegen  0.14/turn              (no ring)
MPRegen  0.09/turn              (no ring)

@: mighty, can't hop, slowed, very slow
A: +LOS, swims, slowness 1, strong legs 1
a: Hop, Renounce Religion


You were on level 2 of the Dungeon.
You worshipped Makhleb.
Makhleb was noncommittal.
You were not hungry.

You visited 1 branch of the dungeon, and saw 2 of its levels.

You collected 112 gold pieces.

Inventory:

Hand Weapons
 a - a +0 long sword (weapon)
Armour
 b - a +0 scale mail (worn)
 c - a +0 shield (worn)
 j - a +0 pair of boots (worn)
Jewellery
 s - a cursed amulet of inaccuracy {unknown}
Scrolls
 e - a scroll of noise {unknown}
 i - a scroll of remove curse {unknown}
 l - a scroll of random uselessness {unknown}
 n - a scroll of fog {unknown}
 o - 3 scrolls of enchant weapon {unknown}
 p - 2 scrolls of teleportation {unknown}
 r - 3 scrolls of immolation {unknown}
Potions
 g - a potion of agility {unknown}
 k - 2 potions of brilliance {unknown}
 m - 2 potions of curing {unknown}
 q - a potion of degeneration {unknown}
Comestibles
 f - 5 rations
 h - 12 chunks of flesh


   Skills:
 + Level 4.3 Fighting
 * Level 4.0 Long Blades
 * Level 4.4 Armour
 - Level 0.5 Dodging
 * Level 4.3 Shields


You had 4 spell levels left.
You didn't know any spells.

Dungeon Overview and Level Annotations

Branches:
Dungeon (2/15)

Altars:
Ashenzari
Makhleb

Annotations:
D:2 Natasha


Innate Abilities, Weirdness & Mutations

Shadows flee at your approach. (+LOS)
You can swim through water.
You cover ground slowly.
You can hop short distances.


Message History

The puff of frost misses you.
You slash Natasha!
Natasha is almost dead.
The crimson imp hits you but does no damage.
Natasha casts a spell.
The white imp closely misses you. The crimson imp hits you.
* * * LOW HITPOINT WARNING * * *
Natasha casts a spell at you. The magic dart hits you!
* * * LOW HITPOINT WARNING * * *
You closely miss Natasha.
Natasha is almost dead.
The crimson imp disappears in a puff of smoke!
The white imp completely misses you.
You riposte.
You closely miss the white imp.
Natasha casts a spell.
The white imp hits you.
* * * LOW HITPOINT WARNING * * *
The white imp freezes you.
You die...

#..$......$
##........##
##..........#
###...........#
..............#
..#........$.#
#.......5....#
####.....h...#
##...ยง@...#
####..#.5..5.# #####
#............#
......##..).........#
....................#
..(...##......#######
............%.##
.>.............#
.....#.#.#.#.#.#


You could see Natasha, a crimson imp, a white imp and a shadow imp.

Vanquished Creatures
  An iron imp (D:2)
  Jessica (D:2)
  An adder (D:2)
  5 worms (D:2)
  2 dart slugs
  2 leopard geckos (D:2)
  3 orcs (D:2)
  5 giant cockroaches
  7 goblins
  4 hobgoblins
  2 jackals (D:1)
  A ball python (D:1)
  4 bats (D:1)
  2 frilled lizards (D:1)
  4 kobolds
  12 rats
56 creatures vanquished.

Notes
Turn   | Place    | Note
-------+----------+-------------------------------------------
     0 | D:1      | Figureslego113 the Barachi Fighter began the quest for the Orb.
     0 | D:1      | Reached XP level 1. HP: 18/18 MP: 1/1
   233 | D:1      | Found a shattered altar of Ashenzari.
   238 | D:1      | Reached XP level 2. HP: 25/25 MP: 2/2
   585 | D:1      | Reached XP level 3. HP: 26/30 MP: 3/3
   994 | D:2      | Noticed Jessica
   998 | D:2      | Killed Jessica
   998 | D:2      | Reached XP level 4. HP: 35/37 MP: 4/4
  1272 | D:2      | Found a burning altar of Makhleb.
  1380 | D:2      | Became a worshipper of Makhleb the Destroyer
  1420 | D:2      | Reached XP level 5. HP: 39/42 MP: 5/5
  1545 | D:2      | Noticed Natasha
  1564 | D:2      | HP: 1/43 [white imp[Natasha] (3)]
  1564 | D:2      | Slain by a white imp

Skill      XL: |  1  2  3  4  5 |
---------------+----------------+-----
Fighting       | 4 |  4.3
Armour         | 4 |  4.4
Long Blades    | 3 4 |  4.0
Shields        | 4 |  4.3
Dodging        | |  0.5

Action                   |  1- 3 |  4- 6 || total
-------------------------+-------+-------++-------
Melee: Long sword        |   100 |    92 ||   192
 Abil: Hop               |       |     1 ||     1
  Use: Potion            |       |     1 ||     1
  Eat: Chunk             |     1 |     2 ||     3
Armor: Scale mail        |    62 |    56 ||   118
Dodge: Dodged            |    28 |    44 ||    72
Block: Shield            |    67 |    65 ||   132
       Rpst.: Long sword |     8 |    21 ||    29
